 Dungeon Crawl Stone Soup version 0.26-a0-84-g8c18429211 (webtiles) character file.

Game seed: 16052341106935218919

35 Harbin the Shield-Bearer (level 3, -4/24 HPs)
             Began as a Gargoyle Fighter on June 19, 2020.
             Was an Initiate of Makhleb.
             Slain by an orc warrior
             ... wielding a +0 hand axe
              (12 damage)
             ... on level 2 of the Dungeon.
             The game lasted 00:04:52 (1154 turns).

Harbin the Shield-Bearer (Gargoyle Fighter)         Turns: 1154, Time: 00:04:53

Health: -4/24      AC: 11    Str: 20    XL:     3   Next: 33%
Magic:  3/3        EV:  7    Int:  8    God:    Makhleb [......]
Gold:   117        SH:  9    Dex:  9    Spells: 2/2 levels left

rFire    + . .     SeeInvis .   a - +1 flail
rCold    x . .     Gourm    .   c - +0 kite shield
rNeg     + . .     Faith    .   b - +0 scale mail
rPois    ∞         Spirit   .   (no helmet)
rElec    +         Reflect  .   e - +0 cloak
rCorr    .         Harm     .   (no gloves)
MR       .....                  (no boots)
Stlth    ..........             (no amulet)
HPRegen  0.08/turn              i - ring of fire
MPRegen  0.08/turn              (no ring)

@: mighty
A: negative energy resistance 1, electricity resistance, unbreathing,
petrification resistance, rot immunity, AC +3
a: Renounce Religion


You were on level 2 of the Dungeon.
You worshipped Makhleb.
Makhleb was noncommittal.
You were not hungry.

You visited 1 branch of the dungeon, and saw 2 of its levels.

You collected 117 gold pieces.

Inventory:

Hand Weapons
 a - a +1 flail (weapon)
 l - a +0 morningstar
Armour
 b - a +0 scale mail (worn)
 c - a +0 kite shield (worn)
 e - a +0 cloak (worn)
Jewellery
 i - a ring of fire (left hand)
Scrolls
 h - 2 scrolls of teleportation
 j - a scroll of enchant weapon
 k - 4 scrolls of identify {unknown}
Potions
 m - a potion of brilliance {unknown}
Comestibles
 f - 8 rations
 g - a chunk of flesh


   Skills:
 + Level 3.7 Fighting
 + Level 2.4 Maces & Flails
 + Level 3.7 Armour
 + Level 3.7 Shields


You had 2 spell levels left.
You didn't know any spells.
Your spell library was empty.

Dungeon Overview and Level Annotations

Branches:
Dungeon (2/15)

Altars:
Dithmenos
Fedhas
Makhleb
Qazlal
Yredelemnul
The Shining One


Innate Abilities, Weirdness & Mutations

You are resistant to torment.
Your stone body is resilient. (AC +3)
You are immune to poison.
You resist negative energy. (rN+)
You are resistant to electric shocks. (rElec)
You can survive without breathing.
You are immune to petrification.
You are immune to rotting.


Message History

You closely miss the orc warrior.
The orc warrior is moderately wounded.
The orc priest hits you with a +0 club.
The orc warrior hits you with a +0 hand axe.
The orc priest calls upon Beogh to heal the orc warrior.
The orc warrior is healed somewhat.
The orc priest looks braver for a moment.
You hit the orc warrior.
The orc warrior is moderately wounded.
The orc warrior hits you with a +0 hand axe!
You closely miss the orc warrior.
The orc warrior is moderately wounded.
The orc warrior hits you but does no damage. x2
Okay, then.
You feel very mighty all of a sudden.
You hit the orc warrior.
The orc warrior is moderately wounded.
The orc warrior hits you with a +0 hand axe!
Ouch! That really hurt!
You die...

########### #.........#
#.........## #.....(....#
#.....(....+ #))..#####
##o....... #o######. #@#
#.# #.# .######.#
........# #........#
#........################
#>.......................
#........................


You could see an orc warrior and an orc priest.

Vanquished Creatures
  An ooze (D:2)
  3 dart slugs
  2 orcs (D:2)
  3 giant cockroaches (D:1)
  4 bats
  3 frilled lizards
  A goblin (D:1)
  5 kobolds
  2 rats
24 creatures vanquished.

Notes
Turn   | Place    | Note
-------+----------+-------------------------------------------
     0 | D:1      | Harbin the Gargoyle Fighter began the quest for the Orb.
     0 | D:1      | Reached XP level 1. HP: 14/14 MP: 1/1
   108 | D:1      | Reached XP level 2. HP: 17/19 MP: 2/2
   745 | D:2      | Found a shadowy altar of Dithmenos.
   749 | D:2      | Found a glowing golden altar of the Shining One.
   752 | D:2      | Found a basalt altar of Yredelemnul.
   755 | D:2      | Found a burning altar of Makhleb.
   759 | D:2      | Became a worshipper of Makhleb the Destroyer
   886 | D:2      | Found a stormy altar of Qazlal.
   900 | D:2      | Found a faded altar of an unknown god.
   963 | D:2      | Reached XP level 3. HP: 24/24 MP: 3/3
   972 | D:2      | Found a blossoming altar of Fedhas.
  1139 | D:2      | Noticed an orc warrior
  1154 | D:2      | Slain by an orc warrior

Illustrated notes

Levels and vault maps discovered:
D:1:      lightli_arrival_windingriver, layout_basic
D:2:      minmay_door_path, layout_basic, fedhas_altar_fruit_tree,
          grunt_temple_overflow_cloverleaf, nicolae_qazlal_general_emergency,
          chequers_ecumenical_altar_simple_redux, first_ration

Action                   || total
-------------------------++-------
Melee: Flail             ||    87
  Use: Scroll            ||     2
       Potion            ||     1
  Eat: Chunk             ||     1
Armor: Scale mail        ||    47
Dodge: Dodged            ||    34
Block: Kite shield       ||    33

Table legend:
 A = Non-vault XP
 B = Vault XP
 C = Vault XP percentage of total XP
 D = Non-vault monster count
 E = Vault monster count
 F = Vault count percentage of total count
                 A         B        C        D         E       F
            +---------+---------+-------+---------+---------+-------
      Total |      49 |       1 |   2.0 |      23 |       1 |   4.2
            +---------+---------+-------+---------+---------+-------
        D:1 |      24 |       0 |   0.0 |      14 |       0 |   0.0
        D:2 |      25 |       1 |   3.8 |       9 |       1 |  10.0
            +---------+---------+-------+---------+---------+-------
